 Dungeon Crawl Stone Soup version 0.30.0-18-gc0e69614cb (webtiles) character file.

Game seed: 7077150207294032084

1860606 croobank the Imperceptible (level 27, 246/246 HPs)
             Began as a Gnoll Transmuter on May 23, 2023.
             Was the Champion of Qazlal.
             Escaped with the Orb
             ... and 4 runes on May 26, 2023!
             The game lasted 13:10:17 (111063 turns).

croobank the Imperceptible (Gnoll Transmuter)     Turns: 111063, Time: 13:10:17

Health: 246/246    AC: 28    Str:  9    XL:     27
Magic:  47/47      EV: 18    Int: 32    God:    Qazlal [******]
Gold:   3380       SH: 28    Dex: 14    Spells: 3/67 levels left

rFire   + + +        f - +9 broad axe (spect)
rCold   + + .        x - +5 kite shield {reflect}
rNeg    + + +        c - quicksilver dragon scales
rPois   +            q - -2 hat of the Alchemist {rElec rPois rF+ rC+ rN+ Will+ rMut rCorr}
rElec   +            a - +2 cloak
rCorr   +            R - +2 pair of gloves {infuse}
SInv    .            o - +2 pair of boots
Will    ++++.        Q - amulet of Axuracyo {RegenMP Rampage Fragile rN+ Str-3 Dex+3}
Stlth   +            N - ring "Fenaosomusm" {rF++ rC+ rN+ Int+3 Dex-3}
HPRegen 0.61/turn    H - +6 ring of intelligence
MPRegen 0.70/turn

%: repel missiles, reflection, resist mutation, rampage, infuse magic (1 MP)
@: studying 3 skills
A: fangs 1, strong nose, distributed training, iridescent scales 1, robust 1
0: Orb of Zot
}: 4/15 runes: serpentine, barnacled, slimy, silver
a: Renounce Religion, Upheaval, Elemental Force, Disaster Area


You escaped.
You worshipped Qazlal.
Qazlal was exalted by your worship.
You visited 11 branches of the dungeon, and saw 55 of its levels.
You visited 1 ziggurat, and saw 10 of its levels.
You also visited: Volcano and Wizlab.

You collected 9308 gold pieces.
You spent 5928 gold pieces at shops.

Inventory:

Hand Weapons
 f - a +9 spectral broad axe (weapon)
 j - the +9 staff of Olgreb {rPois∞}
   (You found it on level 7 of the Dungeon)

   It enhances your poison magic.
   It grants immunity to poison.
   It can be activated via the 'a'bility menu to radiate toxic energy, with
   effectiveness depending on Evocations skill.
 n - a +7 demon blade of chaos
Missiles
 K - 16 silver javelins (quivered)
Armour
 a - a +2 cloak (worn)
 b - the +5 ring mail "Kuumomuy" {Int+6}
   (You took it off a merfolk on level 4 of the Shoals)

   Int:       It affects your intelligence (+6).
 c - quicksilver dragon scales (worn)
 o - a +2 pair of boots (worn)
 q - the -2 hat of the Alchemist (worn) {rElec rPois rF+ rC+ rN+ Will+ rMut rCorr}
   (You found it in a wizard's laboratory)

   rF:        It protects you from fire.
   rC:        It protects you from cold.
   rElec:     It insulates you from electricity.
   rPois:     It protects you from poison.
   rN:        It protects you from negative energy.
   rCorr:     It protects you from acid and corrosion.
   rMut:      It protects you from mutation.
   Will:      It increases your willpower.
 x - a +5 kite shield of reflection (worn)
 R - a +2 pair of gloves of infusion (worn)
Jewellery
 h - the ring "Sevawoss" {rN+ rCorr Str+5 Int+2 Stlth-}
   (You found it on level 3 of the Crypt)

   [ring of positive energy]

   Str:       It affects your strength (+5).
   Int:       It affects your intelligence (+2).
   rN:        It protects you from negative energy.
   rCorr:     It protects you from acid and corrosion.
   Stlth:     It makes you less stealthy.
 y - a +6 ring of intelligence
 G - the ring of Ytoirag {*Slow rPois rN++ Will+ Str+3 Stlth+}
   (You found it on level 3 of the Depths)

   [ring of poison resistance]

   Str:       It affects your strength (+3).
   rPois:     It protects you from poison.
   rN:        It greatly protects you from negative energy.
   *Slow:     It may slow you when you take damage.
   Will:      It increases your willpower.
   Stlth:     It makes you more stealthy.
 H - a +6 ring of intelligence (right hand)
 J - a ring of protection from cold
 M - a +5 ring of evasion
 N - the ring "Fenaosomusm" (left hand) {rF++ rC+ rN+ Int+3 Dex-3}
   (You found it on level 10 of a ziggurat)

   [ring of protection from cold]

   Int:       It affects your intelligence (+3).
   Dex:       It affects your dexterity (-3).
   rF:        It greatly protects you from fire.
   rC:        It protects you from cold.
   rN:        It protects you from negative energy.
 Q - the amulet of Axuracyo (around neck) {RegenMP Rampage Fragile rN+ Str-3 Dex+3}
   (You took it off a tengu reaver on level 5 of the Vaults)

   [amulet of magic regeneration]

   It increases your rate of magic regeneration.
   Str:       It affects your strength (-3).
   Dex:       It affects your dexterity (+3).
   rN:        It protects you from negative energy.
   Fragile:   It will be destroyed if unequipped.
   Rampage:   It bestows one free step when moving towards enemies.
 V - the ring of Attitude {Drain rPois rC+ Int+3}
   (You found it on level 5 of the Pits of Slime)

   [ring of poison resistance]

   Int:       It affects your intelligence (+3).
   rC:        It protects you from cold.
   rPois:     It protects you from poison.
   Drain:     It drains your maximum health when unequipped.
 W - the ring "Jifan" {rN+ Will+ Stlth+}
   (You took it off a vampire knight on level 3 of the Crypt)

   [ring of positive energy]

   rN:        It protects you from negative energy.
   Will:      It increases your willpower.
   Stlth:     It makes you more stealthy.
 Y - the ring of the Lusting Gods {rPois rC+ Str+3 SInv}
   (You bought it in a shop on level 6 of the Dungeon)

   [ring of see invisible]

   Str:       It affects your strength (+3).
   rC:        It protects you from cold.
   rPois:     It protects you from poison.
   SInv:      It lets you see invisible.
Wands
 g - a wand of paralysis (54)
 v - a wand of digging (17)
 B - a wand of mindburst (69)
 I - a wand of quicksilver (9)
 O - a wand of iceblast (68)
 Z - a wand of flame (162)
Scrolls
 k - 5 scrolls of amnesia
 l - 12 scrolls of poison
 p - 14 scrolls of fear
 r - 5 scrolls of blinking
 s - 2 scrolls of silence
 t - 15 scrolls of vulnerability
 u - 2 scrolls of enchant armour
 w - 21 scrolls of teleportation
 P - 3 scrolls of fog
 X - 6 scrolls of immolation
Potions
 d - 4 potions of might
 m - 3 potions of heal wounds
 z - 28 potions of curing
 A - 18 potions of mutation
 C - 6 potions of haste
 D - 6 potions of resistance
 E - 10 potions of attraction
 F - 5 potions of brilliance
 L - a potion of magic
 T - 8 potions of flight
 U - 4 potions of cancellation
Miscellaneous
 e - a phial of floods
 i - a box of beasts
 S - a lightning rod (4/4)


   Skills:
 + Level 20.3 Fighting
 + Level 20.1 Short Blades
 + Level 20.1 Long Blades
 + Level 20.1 Axes
 + Level 20.1 Maces & Flails
 + Level 20.1 Polearms
 + Level 20.1 Staves
 + Level 20.1 Ranged Weapons
 + Level 20.1 Throwing
 + Level 20.1 Armour
 + Level 20.5 Dodging
 + Level 24.3 Stealth
 + Level 20.1 Shields
 + Level 21.0 Unarmed Combat
 + Level 20.6 Spellcasting
 + Level 17.2 Conjurations
 + Level 17.2 Hexes
 + Level 17.2 Summonings
 + Level 18.7 Necromancy
 + Level 17.2 Translocations
 + Level 17.6 Transmutations
 + Level 17.2 Fire Magic
 + Level 17.2 Ice Magic
 + Level 17.2 Air Magic
 + Level 17.2 Earth Magic
 + Level 17.2 Poison Magic
 + Level 21.7 Invocations
 + Level 20.1 Evocations


You had 3 spell levels left.
You knew the following spells:

 Your Spells              Type           Power      Damage    Failure   Level
a - Spellforged Servitor  Conj/Summ      48%        N/A       1%          7
b - Summon Cactus Giant   Summ           48%        N/A       1%          6
c - Enfeeble              Hex            48%        N/A       1%          7
d - Iskenderun's Mystic   Conj/Tloc      97%        2d19      1%          4
e - Irradiate             Conj/Tmut      49%        3d28      1%          5
g - Borgnjor's Vile Clut  Necr/Erth      49%        N/A       1%          5
h - Freezing Cloud        Conj/Ice/Air   48%        6-21      1%          5
i - Arcjolt               Conj/Air       48%        1d58      1%          5
j - Yara's Violent Unrav  Hex/Tmut       49%        3d19      1%          5
k - Blink                 Tloc           100%       N/A       0%          2
l - Plasma Beam           Fire/Air       48%        2x1d69    1%          6
n - Ozocubu's Refrigerat  Ice            48%        4d18      1%          7

Your spell library contained the following spells:

 Spells                   Type           Power      Damage    Failure   Level
 Apportation              Tloc           100%       N/A       0%          1
 Beastly Appendage        Tmut           100%       N/A       0%          1
 Foxfire                  Conj/Fire      100%       2x1d9     0%          1
 Freeze                   Ice            100%       1d10      0%          1
 Kiss of Death            Conj/Necr      100%       2d13      0%          1
 Magic Dart               Conj           100%       1d8       0%          1
 Necrotise                Necr           100%       1d9       0%          1
 Sandblast                Erth           100%       2d20      0%          1
 Shock                    Conj/Air       100%       1d9       0%          1
 Slow                     Hex            100%       N/A       0%          1
 Summon Small Mammal      Summ           100%       N/A       0%          1
 Call Imp                 Summ           100%       N/A       0%          2
 Cigotuvi's Dreadful Rot  Necr/Pois/Air  100%       N/A       0%          2
 Lesser Beckoning         Tloc           100%       N/A       0%          2
 Momentum Strike          Conj/Tloc      100%       3d10      0%          2
 Passwall                 Tmut/Erth      81%        N/A       0%          2
 Poisonous Vapours        Pois/Air       100%       N/A       0%          2
 Scorch                   Fire           100%       2d9       0%          2
 Searing Ray              Conj           100%       2d8       0%          2
 Static Discharge         Conj/Air       100%       2-7/arc   0%          2
 Sublimation of Blood     Necr           100%       N/A       0%          2
 Wereblood                Tmut           98%        N/A       0%          2
 Call Canine Familiar     Summ           97%        N/A       0%          3
 Confusing Touch          Hex            97%        N/A       0%          3
 Dazzling Flash           Conj/Hex       100%       N/A       0%          3
 Frozen Ramparts          Ice            100%       1d16      0%          3
 Gell's Gravitas          Tloc           97%        N/A       0%          3
 Hailstorm                Conj/Ice       97%        3d19      0%          3
 Ignite Poison            Fire/Tmut/Pois 97%        N/A       0%          3
 Inner Flame              Hex/Fire       97%        N/A       0%          3
 Mephitic Cloud           Conj/Pois/Air  97%        N/A       0%          3
 Ozocubu's Armour         Ice            97%        N/A       0%          3
 Portal Projectile        Hex/Tloc       100%       N/A       0%          3
 Spider Form              Tmut/Pois      98%        N/A       0%          3
 Stone Arrow              Conj/Erth      100%       3d13      0%          3
 Summon Guardian Golem    Hex/Summ       97%        N/A       0%          3
 Swiftness                Air            97%        N/A       0%          3
 Teleport Other           Tloc           97%        N/A       0%          3
 Vampiric Draining        Necr           100%       2d13      0%          3
 Vhi's Electric Charge    Tloc/Air       100%       N/A       0%          3
 Animate Dead             Necr           100%       N/A       0%          4
 Dispel Undead            Necr           100%       3d31      0%          4
 Airstrike                Air            48%        2d(7-23)  1%          4
 Animate Armour           Summ/Erth      100%       N/A       1%          4
 Cause Fear               Hex            48%        N/A       1%          4
 Flame Wave               Conj/Fire      97%        2d20      1%          4
 Fulminant Prism          Conj/Hex       48%        3d21      1%          4
 Ice Form                 Ice/Tmut       98%        N/A       1%          4
 Leda's Liquefaction      Hex/Erth       48%        N/A       1%          4
 Manifold Assault         Tloc           97%        N/A       1%          4
 Petrify                  Tmut/Erth      98%        N/A       1%          4
 Sticky Flame             Conj/Fire      97%        2d11      1%          4
 Summon Ice Beast         Ice/Summ       97%        N/A       1%          4
 Summon Lightning Spire   Summ/Air       97%        N/A       1%          4
 Agony                    Necr           100%       N/A       1%          5
 Alistair's Intoxication  Tmut/Pois      65%        N/A       1%          5
 Blade Hands              Tmut           49%        N/A       1%          5
 Fireball                 Conj/Fire      48%        3d19      1%          5
 Iskenderun's Battlesphe  Conj           97%        2d14      1%          5
 Lee's Rapid Deconstruct  Erth           48%        3d23*     1%          5
 Metabolic Englaciation   Hex/Ice        48%        N/A       1%          5
 Silence                  Hex/Air        48%        N/A       1%          5
 Summon Mana Viper        Hex/Summ       97%        N/A       1%          5
 Conjure Ball Lightning   Conj/Air       48%        3x3d17    1%          6
 Death Channel            Necr           50%        N/A       1%          6
 Iron Shot                Conj/Erth      48%        9d9       1%          6
 Simulacrum               Ice/Necr       49%        N/A       1%          6
 Starburst                Conj/Fire      48%        6d13      1%          6
 Statue Form              Tmut/Erth      65%        N/A       1%          6
 Dragon Form              Tmut           49%        N/A       1%          7
 Haunt                    Necr/Summ      49%        N/A       1%          7
 Orb of Destruction       Conj           48%        9d13      1%          7
 Storm Form               Tmut/Air       49%        N/A       1%          7
 Summon Hydra             Summ           48%        N/A       1%          7
 Borgnjor's Revivificati  Necr           50%        N/A       9%          8
 Infestation              Necr           50%        N/A       9%          8
 Necromutation            Tmut/Necr      49%        N/A       11%         8
 Discord                  Hex            48%        N/A       16%         8
 Disjunction              Tloc           48%        N/A       16%         8
 Lehudib's Crystal Spear  Conj/Erth      48%        10d12     16%         8
 Maxwell's Capacitive Co  Air            48%        ∞         16%         8
 Death's Door             Necr           50%        N/A       78%         9
 Dragon's Call            Summ           48%        N/A       94%         9
 Fire Storm               Conj/Fire      48%        8d12      94%         9


Dungeon Overview and Level Annotations

Branches:
Dungeon (15/15)            Temple (0/1) D:7            Lair (5/5) D:8
 Shoals (4/4) Lair:3        Snake (4/4) Lair:3        Slime (5/5) Lair:5
    Orc (2/2) D:10            Elf (3/3) Orc:2        Vaults (5/5) D:13
  Crypt (3/3) Vaults:2       Tomb (0/3) Crypt:3      Depths (4/4) D:15
    Zot (5/5) Depths:4    Volcano (visited)          WizLab (visited)

Altars:
Cheibriados
Nemelex Xobeh
Qazlal
Sif Muna
Uskayaw
Yredelemnul
Zin
Jiyva

Shops:
D:6 =[   D:8 *   D:11 *   Orc:1 (   Orc:2 ?=*(=   Elf:1 =   Snake:3 *:[?
Vaults:1 [   Vaults:3 *   Vaults:4 *   Vaults:5 *   Depths:2 *   Depths:4 :*:

Portals:
Hell: Depths:1 Depths:2 Depths:3 Depths:4
Abyss: Depths:2 Depths:3
Pandemonium: Depths:2
Trove: D:12 (give +8 demon trident)

Annotations:
Snake:2 2 transporters, exclusion: obsidian statue
Snake:3 3 runed translucent doors, vinnietd's ghost, adept HaFi
Elf:3 1 runed translucent door, AverageBear's ghost, veteran HOMo
Depths:1 3 runed translucent doors, olmar's ghost, adept GnWn


Innate Abilities, Weirdness & Mutations

You have very sharp teeth.
Your uncanny sense of smell can sniff out nearby items.
Your experience applies equally to all skills.
You are partially covered in iridescent scales. (AC +2)
You are robust. (+10% HP)


Message History

(D) Dungeon (T) Temple (L) Lair (A) Shoals (P) Snake Pit (M) Slime Pits (O) Orcish Mines (E) Elven Halls (V) Vaults (C) Crypt (W) Tomb (U) Depths (H) Hell (Z) Zot
Where to? (Enter - D:3, ? - help)
You see here a +0 robe.
There is a stone staircase leading up here.
You climb upwards.
There is a stone staircase leading down here.
(D) Dungeon (T) Temple (L) Lair (A) Shoals (P) Snake Pit (M) Slime Pits (O) Orcish Mines (E) Elven Halls (V) Vaults (C) Crypt (W) Tomb (U) Depths (H) Hell (Z) Zot
Where to? (Enter - D:2, ? - help)
There is an open door here.
There is a stone staircase leading up here.
You climb upwards.
There is a stone staircase leading down here.
(D) Dungeon (T) Temple (L) Lair (A) Shoals (P) Snake Pit (M) Slime Pits (O) Orcish Mines (E) Elven Halls (V) Vaults (C) Crypt (W) Tomb (U) Depths (H) Hell (Z) Zot
Where to? (Enter - D:1, ? - help)
Okay, then.
Unknown command.
You feel yourself speed up.
(D) Dungeon (T) Temple (L) Lair (A) Shoals (P) Snake Pit (M) Slime Pits (O) Orcish Mines (E) Elven Halls (V) Vaults (C) Crypt (W) Tomb (U) Depths (H) Hell (Z) Zot
Where to? (Enter - D:1, ? - help)
Okay, then.
Your extra speed is starting to run out.
You feel yourself slow down.
HP restored.
There is a large open door here.
An Orb Guardian comes into view.
The Orb Guardian moves out of view.
There is a staircase leading out of the dungeon here.
You have escaped!

### ##### ###
##.####.~.######@#
#.≈.##.~.~.#~.~#.#
.≈≈~..~~≈≈~.X~..P#
≈≈≈~~~~~≈≈≈~≈~~.§#
~≈≈≈≈≈~≈≈≈≈≈≈≈~≈~#
~P≈~~≈≈P≈~~~≈≈≈≈≈#
.~~P≈~~~PPP≈~≈≈≈≈#
~.P~P~PP~PPP≈≈≈≈≈#
##################


There were no monsters in sight!

Vanquished Creatures
  5 dread liches (Zot:5)
  2 ancient liches (Zot:5)
  6 orbs of fire
  Mara (Depths:3)
  2 juggernauts
  Boris (Vaults:4)
  Frederick (Vaults:2)
  Vv (Zot:1)
  4 Killer Klowns
  Xtahua (Depths:2)
  2 pandemonium lords
  8 curse toes
  Jory (Vaults:4)
  the Enchantress (Depths:3)
  7 golden dragons
  A mutant beast (WizLab)
  Nikola (Shoals:1)
  A bone dragon (Zig:8)
  A shard shrike zombie (Crypt:3)
  3 electric golems
  2 doom hounds (Zot:1)
  Jorgrun (Elf:1)
  2 Tzitzimimeh (Zot:1)
  17 tentacled monstrosities
  17 Orb Guardians
  Grunn (Zot:1)
  A lich (Depths:1)
  5 quicksilver dragons
  4 titans (Vaults:5)
  8 death cobs
  2 deep elf master archers (Elf:3)
  3 deep elf blademasters
  12 acid blobs
  5 sphinxes
  Polyphemus (Shoals:2)
  A kraken (Shoals:3)
  7 ancient champions
  8 tengu reavers
  Kirke (Lair:5)
  10 shadow dragons
  4 revenants
  11 azure jellies
  5 nagarajas
  10 fire giants
  15 storm dragons
  4 draconian monks
  14 rockslimes
  4 deep elf sorcerers (Elf:3)
  6 draconian knights
  A juggernaut zombie (Crypt:3)
  17 vault wardens
  6 frost giants
  6 draconian shifters
  2 curse skulls (Crypt:1)
  6 iron dragons
  3 draconian scorchers
  Louise (Depths:2)
  A caustic shrike zombie (Crypt:3)
  3 orc warlords
  3 ghost moths
  6 deep elf elementalists
  8 ghouls
  6 draconian stormcallers
  3 war gargoyles
  A quicksilver ooze (shapeshifter) (Vaults:5)
  16 very ugly things
  4 draconian annihilators
  10 quicksilver oozes
  12 ironbound preservers
  7 stone giants
  4 spriggan defenders
  3 ironbound thunderhulks
  2 reapers (Zot:1)
  7 deep elf demonologists
  5 green draconians
  8 black draconians
  18 vampire knights
  4 red draconians
  2 deep elf annihilators (Elf:3)
  An eleionoma (Zig:9)
  7 purple draconians
  9 yellow draconians
  2 dire elephants
  8 white draconians
  3 spark wasps (Depths:2)
  A bunyip (Zig:2)
  13 ettins
  7 fire dragons
  4 merfolk javelineers
  A green death (Zot:2)
  9 deep elf death magi
  8 merfolk impalers (Shoals:4)
  3 eidola (Crypt:1)
  An entropy weaver (D:13)
  2 crystal guardians (Vaults:4)
  An ettin (shapeshifter) (Depths:2)
  5 deep elf high priests
  A shambling mangrove (Zig:9)
  8 jiangshi
  14 yaktaur captains
  10 great orbs of eyes
  4 salamander tyrants
  38 vault guards
  A rakshasa (Depths:2)
  2 peacekeepers (Vaults:4)
  The ghost of Edyrem the Fighter, a journeyman FoFi of Cheibriados (Lair:1)
  A ghost crab (Zig:9)
  7 ironbound frosthearts
  4 ogre magi
  3 spriggan air magi
  3 ice dragons
  2 catoblepae
  A radroach (shapeshifter) (Vaults:5)
  7 anacondas
  12 hydras
  3 merfolk avatars
  3 boulder beetles
  20 centaur warriors
  11 deep troll shamans
  4 merfolk aquamancers
  A death knight (Crypt:3)
  5 naga warriors
  3 satyrs
  14 two-headed ogres
  32 dancing weapons
  10 vampire magi
  A titan zombie (Crypt:1)
  2 orc high priests
  3 death yaks (Shoals:1)
  13 deep troll earth magi
  10 shock serpents
  A tengu warrior (Depths:2)
  11 naga sharpshooters
  3 spriggan berserkers
  4 storm dragon zombies (Crypt:3)
  A fire crab (Volcano)
  14 hell knights
  17 deep elf knights
  6 spriggans
  A skyshark (Shoals:1)
  A soul eater (Vaults:2)
  14 skeletal warriors
  A death drake (shapeshifter) (Vaults:5)
  2 salamander mystics (Snake:4)
  8 iron trolls
  A bunyip zombie (Crypt:3)
  A spark wasp zombie (Crypt:1)
  Lodul (D:12)
  A shadow demon (Depths:3)
  A shadow wraith (Crypt:3)
  10 sea snakes
  5 naga ritualists
  37 deep trolls
  5 flayed ghosts
  A shadow dragon zombie (Vaults:5)
  4 swamp dragons
  A swamp dragon (shapeshifter) (WizLab)
  A spriggan druid (Zig:2)
  2 glowing orange brains
  An anaconda zombie (Crypt:3)
  19 ironbound convokers
  3 bog bodies
  15 deep elf archers
  An iron giant skeleton (Crypt:3)
  3 lindwurms
  7 orc knights
  2 stone giant zombies
  14 phantasmal warriors
  28 deep elf pyromancers
  6 wizards
  An anaconda skeleton (Crypt:1)
  3 harpies
  33 deep elf zephyrmancers
  7 mana vipers
  8 necromancers
  5 orc sorcerers
  2 harpies (shapeshifter)
  26 ugly things
  A human zombie (Vaults:5)
  2 iron dragon skeletons (Crypt:1)
  7 shining eyes
  10 fauns
  A will-o-the-wisp (Zig:9)
  An eleionoma zombie (Crypt:2)
  A dire elephant zombie (Crypt:3)
  6 cyclopes
  2 salamanders (shapeshifter) (WizLab)
  A frost giant zombie (Depths:1)
  2 human skeletons (Vaults:5)
  2 oklob plants (Lair:5)
  18 manticores
  A centaur zombie (Crypt:3)
  8 salamanders
  35 black mambas
  9 water nymphs
  14 naga magi
  4 elephants (Lair:5)
  4 guardian serpents
  13 vault sentinels
  6 apocalypse crabs (Zot:1)
  A shock serpent zombie (Crypt:3)
  7 merfolk sirens
  A black mamba (shapeshifter) (WizLab)
  An alligator snapping turtle zombie (Crypt:3)
  A titan simulacrum (Depths:3)
  26 moths of wrath
  2 molten gargoyles (Volcano)
  6 eyes of devastation
  2 rust devils (D:8)
  A gargoyle (D:11)
  24 cane toads
  2 centaur skeletons (D:13)
  2 torpor snails
  An unseen horror (D:10)
  An unseen horror (shapeshifter) (WizLab)
  4 freezing wraiths
  A kobold demonologist (D:10)
  2 dire elephant skeletons
  2 rime drakes
  An iron troll zombie (Crypt:2)
  3 efreet
  10 komodo dragons
  21 yaktaurs
  An alligator snapping turtle skeleton (Crypt:1)
  7 guardian mummies
  A komodo dragon (shapeshifter) (WizLab)
  4 tengu conjurers
  25 merfolk
  2 harpy zombies (Crypt:3)
  3 trolls
  2 polar bears
  3 polar bears (shapeshifter) (WizLab)
  A meliai (shapeshifter) (WizLab)
  A yaktaur skeleton (Vaults:3)
  4 hornets
  A troll (shapeshifter) (WizLab)
  2 tyrant leeches (Lair:5)
  24 blink frogs
  6 wind drakes
  A harpy skeleton (Crypt:3)
  10 dream sheep
  2 ettin zombies
  A raiju (shapeshifter) (WizLab)
  A hornet (shapeshifter) (WizLab)
  A jumping spider zombie (Crypt:2)
  7 snapping turtles
  A guardian serpent zombie (Crypt:2)
  Sigmund (D:6)
  A human simulacrum (Vaults:3)
  9 air elementals
  7 large abominations (WizLab)
  104 slime creatures
  A spriggan (shapeshifter) (WizLab)
  A guardian serpent skeleton (Crypt:1)
  4 shadows
  34 water elementals
  A fire dragon skeleton (Crypt:3)
  4 flying skulls (Crypt:1)
  A culicivora (shapeshifter) (WizLab)
  2 wyverns
  An ice dragon skeleton (Crypt:1)
  22 vampires
  11 wraiths
  A ynoxinul (Depths:3)
  9 fire bats
  A yak (shapeshifter) (WizLab)
  A fire bat (shapeshifter) (WizLab)
  38 yaks
  An alligator snapping turtle simulacrum (Crypt:1)
  A basilisk (Lair:2)
  2 basilisks (shapeshifter) (WizLab)
  3 humans (Lair:5)
  13 golden eyes
  3 hogs (Lair:5)
  An ushabti (Zig:1)
  3 steam dragons
  An iron golem (WizLab)
  2 redbacks
  9 vampire mosquitoes
  43 nagas
  6 wargs
  An acid dragon (D:9)
  A skyshark zombie (Crypt:2)
  9 water moccasins
  2 glowing shapeshifter zombies
  Duvessa (D:7)
  6 floating eyes
  2 hell hounds (Volcano)
  A demonspawn skeleton (Crypt:1)
  2 ice beasts
  30 orc warriors
  A swamp drake (Zig:9)
  An ettin simulacrum (Vaults:5)
  A dream sheep zombie (Crypt:3)
  2 black bears
  An elf simulacrum (Vaults:5)
  16 ogres
  An elephant skeleton (Crypt:3)
  14 centaurs
  6 small abominations (WizLab)
  A swamp dragon zombie (Crypt:1)
  A dream sheep skeleton (Crypt:2)
  A tengu (shapeshifter) (WizLab)
  A hog skeleton (Crypt:3)
  A nameless horror (Zot:2)
  3 gnoll sergeants
  20 bullfrogs
  4 necrophages
  5 earth elementals
  A komodo dragon skeleton (Crypt:3)
  A cyclops zombie (Crypt:2)
  3 scorpions
  13 wights
  2 yak zombies
  Dowan (D:7)
  A queen bee zombie (Crypt:2)
  3 killer bees (D:9)
  3 electric eels
  11 howler monkeys
  5 lava snakes (Volcano)
  2 jellies
  18 orc priests
  A gnoll bouda (D:5)
  A hound (D:3)
  Jessica (D:3)
  6 iguanas
  30 orc wizards
  2 boggart skeletons (D:13)
  9 mummies
  17 gnolls
  5 adders
  A shadow imp (D:7)
  2 white imps
  3 ufetubi
  3 worms
  2 dart slugs
  65 orcs
  A bat (D:3)
  6 endoplasms
  2 giant cockroaches
  16 goblins
  10 hobgoblins
  2 jackals (D:2)
  11 kobolds
  4 quokkas
  3 ball pythons
  5 frilled lizards
  A frilled lizard skeleton (Crypt:1)
  3 rats (D:2)
  2 butterflies (D:7)
  4 foxfires
  5 spectral weapons
  3 tentacles (Shoals:3)
2232 creatures vanquished.

Vanquished Creatures (collateral kills)
  the Royal Jelly (Slime:5)
  Josephina (Depths:3)
  A golden dragon (Zot:5)
  A Brimstone Fiend (Zig:3)
  An electric golem (Zot:5)
  10 Orb Guardians (Zot:5)
  A tentacled monstrosity (Zot:4)
  A titan (Depths:3)
  Asterion (Snake:2)
  2 quicksilver dragons
  5 acid blobs (Slime:5)
  2 sphinxes
  3 death cobs
  A tengu reaver (Vaults:5)
  5 storm dragons
  3 azure jellies
  2 shadow dragons
  Donald (Shoals:3)
  A nagaraja (Snake:4)
  3 draconian monks
  2 vault wardens (Vaults:4)
  A deep elf sorcerer (Vaults:5)
  A draconian scorcher (Zot:5)
  Aizul (Shoals:2)
  An orc warlord (Zig:7)
  2 draconian shifters
  2 draconian stormcallers
  2 draconian annihilators
  3 ironbound preservers
  A stone giant (Depths:2)
  3 quicksilver oozes (Slime:5)
  2 very ugly things
  2 green draconians
  2 vampire knights (Zig:8)
  A putrid mouth (Zot:1)
  5 black draconians
  A minotaur (Lair:1)
  A red draconian (Zot:4)
  An eidolon (Vaults:2)
  2 yellow draconians
  3 white draconians
  An ettin (Orc:2)
  2 merfolk impalers
  A great orb of eyes (Vaults:2)
  2 rakshasas
  A yaktaur captain (Vaults:5)
  2 vault guards (Vaults:4)
  A hydra (D:14)
  A juggernaut simulacrum (Depths:3)
  An ogre mage (Vaults:3)
  4 ironbound frosthearts
  A catoblepas (Shoals:2)
  5 merfolk aquamancers
  A dancing weapon (Elf:2)
  2 centaur warriors (Vaults:2)
  A naga warrior (Snake:3)
  2 naga sharpshooters
  Urug (Orc:2)
  A deep elf knight (Elf:2)
  A salamander mystic (Snake:4)
  A shadow wraith (Zig:8)
  A skyshark (Lair:5)
  8 sea snakes
  A deep troll (Vaults:3)
  A skeletal warrior (D:13)
  A goliath frog (Lair:5)
  3 naga ritualists
  10 slime creatures
  3 wizards
  A lindwurm (shapeshifter) (Vaults:5)
  A deep elf archer (Elf:1)
  2 ironbound convokers (Vaults:4)
  A necromancer (Vaults:3)
  An orc sorcerer (Orc:2)
  2 mana vipers
  2 deep elf zephyrmancers (Elf:1)
  3 fauns (Shoals:2)
  A deep elf pyromancer (Elf:1)
  A cyclops (D:14)
  2 manticores (Shoals:4)
  2 shining eyes
  8 ugly things
  An apocalypse crab (Zot:1)
  6 moths of wrath
  3 salamanders (Snake:4)
  6 black mambas
  2 naga magi (Snake:4)
  3 water nymphs
  2 merfolk sirens
  2 eyes of devastation (Slime:5)
  5 yaktaurs
  A spark wasp simulacrum (Depths:3)
  An ice devil (Zig:3)
  3 tengu conjurers
  2 trolls (Zig:7)
  7 merfolk
  A sphinx simulacrum (Depths:3)
  A dream sheep (shapeshifter) (Vaults:5)
  18 dream sheep
  2 snapping turtles (Shoals:2)
  2 wraiths (Vaults:2)
  An air elemental (Shoals:4)
  A basilisk (Lair:5)
  2 water elementals
  A vampire mosquito (D:14)
  4 nagas
  A warg (Zig:7)
  3 floating eyes (Depths:1)
  10 orc warriors
  5 ogres
  A glowing shapeshifter simulacrum (Depths:3)
  9 orc priests
  6 orc wizards
  19 orcs
  5 foxfires
308 creatures vanquished.

Vanquished Creatures (others)
  A storm dragon (Zot:3)
  2 black draconians (Zot:3)
  A deep elf annihilator (Vaults:5)
  2 yellow draconians (Zot:3)
  A purple draconian (Zot:3)
  A boulder beetle (D:15)
  A deep elf knight (Elf:2)
  A deep elf zephyrmancer (Elf:2)
  A water nymph (Shoals:4)
  A human (Lair:5)
  2 orc wizards (Orc:2)
  1216 foxfires
  57 spectral weapons
  4 tentacles (Shoals:3)
1291 creatures vanquished.

Grand Total: 3831 creatures vanquished

Notes
Turn   | Place    | Note
-------+----------+-------------------------------------------
     0 | D:1      | croobank the Gnoll Transmuter began the quest for the Orb.
     0 | D:1      | Reached XP level 1. HP: 17/17 MP: 6/6
   257 | D:1      | Reached XP level 2. HP: 21/23 MP: 5/7
   260 | D:1      | Learned a level 2 spell: Wereblood
   623 | D:2      | Reached skill level 1 in Short Blades
   623 | D:2      | Reached skill level 1 in Long Blades
   623 | D:2      | Reached skill level 1 in Axes
   623 | D:2      | Reached skill level 1 in Maces & Flails
   623 | D:2      | Reached skill level 1 in Polearms
   623 | D:2      | Reached skill level 1 in Staves
   623 | D:2      | Reached skill level 1 in Ranged Weapons
   623 | D:2      | Reached skill level 1 in Throwing
   623 | D:2      | Reached skill level 1 in Armour
   623 | D:2      | Reached skill level 1 in Stealth
   623 | D:2      | Reached skill level 1 in Shields
   623 | D:2      | Reached skill level 5 in Spellcasting
   623 | D:2      | Reached skill level 1 in Invocations
   623 | D:2      | Reached skill level 1 in Evocations
   623 | D:2      | Reached XP level 3. HP: 11/28 MP: 0/9
   779 | D:2      | Reached XP level 4. HP: 33/34 MP: 4/11
  1299 | D:2      | Reached skill level 1 in Conjurations
  1299 | D:2      | Reached skill level 1 in Hexes
  1299 | D:2      | Reached skill level 1 in Summonings
  1299 | D:2      | Reached skill level 1 in Necromancy
  1299 | D:2      | Reached skill level 1 in Translocations
  1299 | D:2      | Reached skill level 1 in Fire Magic
  1299 | D:2      | Reached skill level 1 in Ice Magic
  1299 | D:2      | Reached skill level 1 in Air Magic
  1299 | D:2      | Reached skill level 1 in Earth Magic
  1299 | D:2      | Reached skill level 1 in Poison Magic
  1391 | D:2      | Learned a level 4 spell: Ice Form
  1691 | D:3      | Noticed Jessica
  1696 | D:3      | Killed Jessica
  1697 | D:3      | Reached XP level 5. HP: 40/40 MP: 7/12
  2569 | D:4      | Found a shimmering blue altar of Sif Muna.
  2569 | D:4      | Found a stormy altar of Qazlal.
  2569 | D:4      | Found a hide-covered altar of Uskayaw.
  2576 | D:4      | Became a worshipper of Qazlal Stormbringer
  2920 | D:4      | Reached XP level 6. HP: 47/47 MP: 8/13
  3240 | D:4      | Found a sparkling altar of Nemelex Xobeh.
  3363 | D:5      | Entered Level 5 of the Dungeon
  3395 | D:5      | Reached skill level 5 in Dodging
  3395 | D:5      | Reached skill level 2 in Stealth
  3493 | D:5      | Reached XP level 7. HP: 32/52 MP: 5/15
  3495 | D:5      | Reached * piety under Qazlal
  4157 | D:5      | Reached skill level 3 in Stealth
  4157 | D:5      | Reached XP level 8. HP: 60/60 MP: 8/16
  4565 | D:6      | Found Xiles's Jewellery Shop.
  5272 | D:6      | Noticed Sigmund
  5280 | D:6      | Killed Sigmund
  5321 | D:7      | Found a staircase to the Ecumenical Temple.
  5656 | D:6      | Found a snail-covered altar of Cheibriados.
  5795 | D:6      | Found Ralaciu's Magic Scroll Emporium.
  5798 | D:6      | Bought a scroll of amnesia for 48 gold pieces
  5798 | D:6      | Bought a scroll of identify for 24 gold pieces
  5798 | D:6      | Bought a scroll of poison for 48 gold pieces
  5798 | D:6      | Bought a scroll of noise for 12 gold pieces
  6000 | D:6      | Identified a scroll of acquirement
  6000 | D:6      | Acquired the +6 lajatang of Zepar {freeze, *Noise rC- rN+++
                  | Will+}
  6161 | D:6      | Found Had Ciah's Armour Emporium.
  6623 | D:7      | Reached skill level 5 in Transmutations
  6633 | D:7      | Noticed a komodo dragon
  6641 | D:7      | Killed a komodo dragon
  6642 | D:7      | Reached skill level 4 in Stealth
  6642 | D:7      | Reached XP level 9. HP: 49/67 MP: 14/18
  6835 | D:7      | Reached skill level 5 in Fighting
  6837 | D:7      | HP: 2/68 [steam dragon (4)]
  7448 | D:7      | Learned a level 2 spell: Searing Ray
  7650 | D:7      | Noticed Dowan
  7661 | D:7      | Killed Dowan
  7685 | D:7      | Noticed Duvessa
  7689 | D:7      | Killed Duvessa
  7708 | D:7      | Found the +9 staff of Olgreb {rPois∞}
  8170 | D:8      | Noticed a two-headed ogre
  8181 | D:7      | Killed a two-headed ogre
  8182 | D:7      | Reached skill level 5 in Invocations
  8190 | D:8      | Noticed a hornet
  8203 | D:7      | Reached ** piety under Qazlal
  8344 | D:8      | Reached skill level 5 in Short Blades
  8344 | D:8      | Reached skill level 5 in Long Blades
  8344 | D:8      | Reached skill level 5 in Axes
  8344 | D:8      | Reached skill level 5 in Maces & Flails
  8344 | D:8      | Reached skill level 5 in Polearms
  8344 | D:8      | Reached skill level 5 in Staves
  8344 | D:8      | Reached skill level 5 in Ranged Weapons
  8344 | D:8      | Reached skill level 5 in Throwing
  8344 | D:8      | Reached skill level 5 in Armour
  8344 | D:8      | Reached skill level 5 in Stealth
  8344 | D:8      | Reached skill level 5 in Shields
  8344 | D:8      | Reached skill level 5 in Evocations
  8344 | D:8      | Reached XP level 10. HP: 55/76 MP: 6/20
  9307 | D:8      | Found Ea-nāṣir's Fine Metal Goods.
  9353 | D:7      | Noticed a rust devil
  9353 | D:7      | Noticed a rust devil
  9365 | D:8      | Killed a rust devil
  9726 | D:8      | Killed a rust devil
 10076 | D:8      | Found a staircase to the Lair.
 10309 | D:8      | Identified the +5 sling "Acul Arph" {heavy, rPois MP-9
                  | Dex+5 SInv}
 10942 | D:9      | Reached skill level 6 in Stealth
 10959 | D:9      | Reached skill level 5 in Conjurations
 10959 | D:9      | Reached skill level 5 in Hexes
 10959 | D:9      | Reached skill level 5 in Summonings
 10959 | D:9      | Reached skill level 5 in Necromancy
 10959 | D:9      | Reached skill level 5 in Translocations
 10959 | D:9      | Reached skill level 5 in Fire Magic
 10959 | D:9      | Reached skill level 5 in Ice Magic
 10959 | D:9      | Reached skill level 5 in Air Magic
 10959 | D:9      | Reached skill level 5 in Earth Magic
 10959 | D:9      | Reached skill level 5 in Poison Magic
 10961 | D:9      | Reached XP level 11. HP: 56/83 MP: 14/22
 11269 | D:9      | Found a glowing silver altar of Zin.
 11390 | D:10     | Entered Level 10 of the Dungeon
 11429 | D:10     | Reached *** piety under Qazlal
 11949 | D:10     | Found a staircase to the Orcish Mines.
 12859 | D:11     | Noticed a cyclops
 12878 | D:11     | Killed a cyclops
 13412 | D:11     | Noticed a two-headed ogre
 13412 | D:11     | Noticed a two-headed ogre
 13432 | D:10     | Killed a two-headed ogre
 13688 | D:10     | Acquired 516 gold pieces
 13786 | D:6      | Bought the ring of the Lusting Gods {rPois rC+ Str+3 SInv}
                  | for 592 gold pieces
 13919 | D:10     | Killed a two-headed ogre
 14509 | D:11     | You fall into a shaft and drop 3 floors!
 14606 | D:13     | Reached skill level 7 in Stealth
 14756 | D:13     | Noticed a two-headed ogre
 14765 | D:13     | Killed a two-headed ogre
 14771 | D:13     | Noticed a two-headed ogre
 14780 | D:13     | Killed a two-headed ogre
 14781 | D:13     | Reached XP level 12. HP: 72/92 MP: 17/24
 14805 | D:12     | Noticed a two-headed ogre
 14815 | D:12     | Killed a two-headed ogre
 14864 | D:12     | Reached **** piety under Qazlal
 14965 | D:11     | Found Bicidume's Assorted Antiques.
 14971 | D:11     | Bought a metallic ruby potion for 29 gold pieces
 15792 | D:12     | Noticed Lodul
 15819 | D:12     | Killed Lodul
 15822 | D:12     | Reached skill level 10 in Unarmed Combat
 16504 | D:12     | Noticed a two-headed ogre
 16512 | D:12     | Killed a two-headed ogre
 16631 | D:12     | Found a portal to a secret trove of treasure.
 17164 | D:13     | Noticed an ogre mage
 17167 | D:13     | Noticed a two-headed ogre
 17170 | D:13     | Noticed a two-headed ogre
 17174 | D:13     | Noticed a two-headed ogre
 17177 | D:13     | Noticed a two-headed ogre
 17180 | D:13     | Killed a two-headed ogre
 17186 | D:13     | Killed an ogre mage
 17193 | D:13     | Noticed a two-headed ogre
 17197 | D:13     | Killed a two-headed ogre
 17197 | D:13     | Killed a two-headed ogre
 17343 | D:14     | Killed a two-headed ogre
 17344 | D:14     | Reached skill level 8 in Stealth
 17414 | D:13     | Killed a two-headed ogre
 17501 | D:13     | Reached XP level 13. HP: 56/99 MP: 11/26
 17731 | D:6      | Bought a scroll of enchant weapon for 90 gold pieces
 17834 | Lair:1   | Entered Level 1 of the Lair of Beasts
 18047 | Lair:1   | Noticed a minotaur
 18052 | Lair:1   | Noticed Edyrem's ghost (journeyman FoFi)
 18659 | Lair:1   | Found a runed translucent gate.
 18660 | Lair:1   | Found a runed translucent gate.
 18660 | Lair:1   | Found a runed translucent gate.
 19223 | Lair:2   | Found a dark tunnel.
 19248 | Volcano  | Entered a volcano
 19493 | Volcano  | Found a radiant altar of Vehumet.
 19500 | Volcano  | Reached skill level 10 in Spellcasting
 19757 | Volcano  | Reached ***** piety under Qazlal
 21319 | Lair:3   | Reached skill level 10 in Dodging
 21635 | Lair:3   | Reached skill level 9 in Stealth
 21690 | Lair:3   | Found a staircase to the Shoals.
 21794 | Lair:3   | Found a staircase to the Snake Pit.
 21804 | Lair:3   | Identified the +10 scale mail of Fedhas's Condemnation
                  | {rF+++ Will+ MP-9 Dex+3}
 22397 | Lair:4   | Reached XP level 14. HP: 98/108 MP: 18/28
 22398 | Lair:4   | Reached skill level 10 in Invocations
 23392 | Lair:5   | Entered Level 5 of the Lair of Beasts
 23397 | Lair:4   | Learned a level 1 spell: Foxfire
 23893 | Lair:5   | Noticed Kirke
 23904 | Lair:5   | Killed Kirke
 24524 | Lair:4   | Reached skill level 10 in Fighting
 26159 | Lair:5   | Identified the staff of cold "Wyrchu" {rPois rC+ Int+3}
 26179 | Lair:5   | Got the Omnibus of Blasted Abominable Mysteries
 26180 | Lair:5   | Identified the +9 great mace "Embalmer" {pain, *Corrode rF+
                  | Int+4 Dex+2}
 26220 | Lair:5   | Reached skill level 10 in Short Blades
 26220 | Lair:5   | Reached skill level 10 in Long Blades
 26220 | Lair:5   | Reached skill level 10 in Axes
 26220 | Lair:5   | Reached skill level 10 in Maces & Flails
 26220 | Lair:5   | Reached skill level 10 in Polearms
 26220 | Lair:5   | Reached skill level 10 in Staves
 26220 | Lair:5   | Reached skill level 10 in Ranged Weapons
 26220 | Lair:5   | Reached skill level 10 in Throwing
 26220 | Lair:5   | Reached skill level 10 in Armour
 26220 | Lair:5   | Reached skill level 10 in Stealth
 26220 | Lair:5   | Reached skill level 10 in Shields
 26220 | Lair:5   | Reached skill level 10 in Evocations
 26906 | Lair:5   | Found a viscous altar of Jiyva.
 27113 | D:6      | Bought the amulet "Onaosios" {Regen+ rCorr Int+2} for 702
                  | gold pieces
 27688 | Lair:5   | Found a staircase to the Slime Pits.
 27982 | Slime:1  | Entered Level 1 of the Pits of Slime
 27982 | Slime:1  | Noticed an acid blob
 28182 | Orc:1    | Entered Level 1 of the Orcish Mines
 28294 | Orc:1    | Found Onaititt's Weapon Emporium.
 28398 | Orc:1    | Reached XP level 15. HP: 117/117 MP: 16/30
 28606 | Orc:2    | Entered Level 2 of the Orcish Mines
 28606 | Orc:2    | Noticed an orc warlord
 28606 | Orc:2    | Found Zonea's Magic Scroll Shop.
 28627 | Orc:1    | Killed an orc warlord
 28748 | Orc:1    | Learned a level 4 spell: Summon Lightning Spire
 28754 | Orc:1    | Learned a level 5 spell: Borgnjor's Vile Clutch
 29300 | Orc:2    | Noticed Urug
 29863 | Orc:2    | Found Ruupiz's Antique Weapon Shop.
 29864 | Orc:2    | Found Mazxeet's Jewellery Shop.
 29865 | Orc:2    | Found Veismyn's Assorted Antiques.
 29869 | Orc:2    | Found Giff's Jewellery Boutique.
 29888 | Orc:2    | Bought a heavily runed cloak for 209 gold pieces
 29888 | Orc:2    | Identified the +2 cloak of Restlessness {Will- Regen+
                  | Dex+6} (You bought it in a shop on level 2 of the Orcish
                  | Mines)
 29983 | Orc:2    | Killed Urug
 30294 | Orc:2    | Found a staircase to the Elven Halls.
 31457 | D:13     | Found a gate to the Vaults.
 33458 | D:15     | Entered Level 15 of the Dungeon
 34076 | D:15     | Found a staircase to the Depths.
 34138 | D:15     | Reached skill level 10 in Transmutations
 34142 | D:15     | Reached XP level 16. HP: 112/125 MP: 4/32
 34910 | Lair:3   | Learned a level 5 spell: Freezing Cloud
 34916 | Lair:3   | Learned a level 5 spell: Arcjolt
 34919 | Snake:1  | Entered Level 1 of the Snake Pit
 34940 | Snake:1  | Reached skill level 11 in Stealth
 35881 | Snake:1  | You fall into a shaft and drop 1 floor!
 35881 | Snake:2  | Noticed a nagaraja
 35897 | Snake:2  | Killed a nagaraja
 36011 | Snake:2  | Found a transporter.
 37633 | Snake:2  | Found a transporter.
 38666 | Snake:2  | Noticed Asterion
 38675 | Snake:2  | Killed Asterion
 39232 | Snake:3  | Noticed a nagaraja
 39239 | Snake:3  | Killed a nagaraja
 39774 | Snake:3  | Found Nyhumal's Armour Shop.
 39817 | Snake:3  | Found Tatwergh's Book Emporium.
 39817 | Snake:3  | Found Xeer's General Store.
 39837 | Snake:3  | Learned a level 5 spell: Yara's Violent Unravelling
 40117 | Snake:3  | Found a runed translucent gate.
 40118 | Snake:3  | Found a runed translucent gate.
 40119 | Snake:3  | Found a runed translucent gate.
 40121 | Snake:3  | Noticed vinnietd's ghost (adept HaFi)
 40300 | Snake:3  | Found Ozede's Magic Scroll Shoppe.
 40429 | Snake:3  | Bought a scroll of enchant weapon for 120 gold pieces
 40429 | Snake:3  | Bought a scroll of enchant weapon for 120 gold pieces
 40613 | Snake:3  | Reached XP level 17. HP: 133/133 MP: 20/33
 41006 | Snake:4  | Entered Level 4 of the Snake Pit
 41023 | Snake:4  | Reached skill level 10 in Conjurations
 41023 | Snake:4  | Reached skill level 10 in Hexes
 41023 | Snake:4  | Reached skill level 10 in Summonings
 41023 | Snake:4  | Reached skill level 10 in Necromancy
 41023 | Snake:4  | Reached skill level 10 in Translocations
 41023 | Snake:4  | Reached skill level 10 in Fire Magic
 41023 | Snake:4  | Reached skill level 10 in Ice Magic
 41023 | Snake:4  | Reached skill level 10 in Air Magic
 41023 | Snake:4  | Reached skill level 10 in Earth Magic
 41023 | Snake:4  | Reached skill level 10 in Poison Magic
 41920 | Snake:4  | Reached skill level 12 in Stealth
 42611 | Snake:4  | Got Vuut's Codex of Metal
 43307 | Snake:4  | Got a serpentine rune of Zot
 43546 | Shoals:1 | Entered Level 1 of the Shoals
 43897 | Shoals:2 | Noticed Polyphemus
 44274 | Shoals:2 | Killed Polyphemus
 44285 | Shoals:2 | Noticed Aizul
 44302 | Shoals:2 | Killed Aizul
 44711 | Shoals:1 | Learned a level 2 spell: Blink
 45121 | Shoals:1 | Noticed Nikola
 45142 | Shoals:1 | Killed Nikola
 45143 | Shoals:1 | Reached XP level 18. HP: 85/142 MP: 1/35
 46655 | Shoals:3 | Noticed Donald
 46661 | Shoals:3 | Killed Donald
 46913 | D:6      | Bought 3 scrolls of enchant armour for 270 gold pieces
 46913 | D:6      | Bought a scroll of enchant armour for 90 gold pieces
 47358 | Shoals:3 | Found the +27 heavy crossbow "Sniper" {heavy, Acc+∞ SInv}
 47453 | Shoals:3 | Acquired the +5 rapier "Boohiruff" {flame, Will+}
 47875 | Shoals:3 | Identified the +7 scimitar of Dotoch {vamp, *Rage rN+ rCorr
                  | Dex+3}
 48094 | Shoals:4 | Entered Level 4 of the Shoals
 48165 | Shoals:4 | Paralysed by an air elemental for 1 turns
 48188 | Shoals:4 | Paralysed by an air elemental for 1 turns
 48340 | Shoals:4 | Paralysed by an air elemental for 1 turns
 48483 | Shoals:4 | Paralysed by an air elemental for 1 turns
 48488 | Shoals:4 | Paralysed by an air elemental for 1 turns
 48491 | Shoals:4 | Paralysed by an air elemental for 1 turns
 48495 | Shoals:4 | Paralysed by an air elemental for 1 turns
 48780 | Shoals:4 | Reached skill level 13 in Stealth
 48862 | Shoals:4 | HP: 4/128 [water nymph/the raging water (42)]
 49196 | Shoals:4 | Identified the +5 ring mail "Kuumomuy" {Int+6}
 49478 | Shoals:4 | Identified the staff of fire "Gimarph" {rF+ Will+ Str-4
                  | SInv}
 49480 | Shoals:4 | Got a barnacled rune of Zot
 49482 | Shoals:4 | Got Vaopsoat's Compilation of Postmortem Blight
 50091 | Elf:1    | Entered Level 1 of the Elven Halls
 50179 | Elf:1    | Reached XP level 19. HP: 150/150 MP: 14/37
 50580 | Elf:1    | Found Nipo's Jewellery Emporium.
 50584 | Elf:1    | Bought a +6 ring of intelligence for 468 gold pieces
 51012 | Elf:1    | Noticed Jorgrun
 51012 | Elf:1    | Paralysed by an air elemental for 1 turns
 51015 | Elf:1    | Paralysed by an air elemental for 1 turns
 51272 | Vaults:1 | Entered Level 1 of the Vaults
 52921 | Vaults:1 | You fall into a shaft and drop 1 floor!
 52997 | Vaults:2 | Identified the +5 scale mail "Kimm" {+Inv rN+ Will+ Int-4}
 53368 | Vaults:1 | Found Wuguckeo's Antique Armour Shoppe.
 53821 | Vaults:2 | Reached skill level 15 in Unarmed Combat
 54122 | Vaults:2 | Noticed Frederick
 54129 | Vaults:2 | Killed Frederick
 54695 | Vaults:2 | Identified the amulet "Mewam" {Regen+ Dex+3}
 55202 | Vaults:2 | Identified the +0 longbow "Waatea" {drain, Contam +Blink
                  | Dex+3 SInv}
 55329 | Vaults:2 | Reached skill level 15 in Invocations
 55965 | Vaults:2 | Reached XP level 20. HP: 159/159 MP: 28/38
 56032 | Vaults:2 | Found a staircase to the Crypt.
 56670 | Vaults:3 | Reached skill level 14 in Stealth
 56769 | Vaults:3 | Paralysed by a great orb of eyes for 5 turns
 56804 | Vaults:3 | Found Zutralum's General Store.
 57322 | Vaults:3 | Reached skill level 15 in Spellcasting
 57344 | Vaults:3 | Got Cuqeofas's Omnibus of Conjuration
 58301 | Vaults:3 | Reached skill level 15 in Dodging
 59096 | Vaults:4 | Identified the +0 helmet "Pytaqul" {Contam Str+3 Int-5
                  | Dex+9}
 59656 | Vaults:4 | Noticed Jory
 59677 | Vaults:4 | Killed Jory
 59815 | Vaults:4 | Noticed Boris
 59827 | Vaults:4 | Killed Boris
 59828 | Vaults:4 | Reached XP level 21. HP: 167/167 MP: 31/40
 59889 | Vaults:4 | Found Capraez's General Store.
 59910 | Vaults:4 | Reached skill level 15 in Stealth
 59999 | Vaults:4 | Bought a potion of berserk rage for 65 gold pieces
 59999 | Vaults:4 | Bought a scroll of silence for 123 gold pieces
 60659 | Vaults:4 | Learned a level 6 spell: Plasma Beam
 61421 | Elf:1    | Reached skill level 15 in Fighting
 61552 | Elf:1    | Killed Jorgrun
 62725 | Elf:2    | Found a runed translucent gate.
 62725 | Elf:2    | Found a runed translucent gate.
 62725 | Elf:2    | Found a runed translucent gate.
 63416 | Elf:2    | Reached skill level 15 in Short Blades
 63416 | Elf:2    | Reached skill level 15 in Long Blades
 63416 | Elf:2    | Reached skill level 15 in Axes
 63416 | Elf:2    | Reached skill level 15 in Maces & Flails
 63416 | Elf:2    | Reached skill level 15 in Polearms
 63416 | Elf:2    | Reached skill level 15 in Staves
 63416 | Elf:2    | Reached skill level 15 in Ranged Weapons
 63416 | Elf:2    | Reached skill level 15 in Throwing
 63416 | Elf:2    | Reached skill level 15 in Armour
 63416 | Elf:2    | Reached skill level 15 in Shields
 63416 | Elf:2    | Reached skill level 15 in Evocations
 64205 | Depths:1 | Entered Level 1 of the Depths
 64228 | Depths:1 | Found a one-way gateway to a ziggurat.
 64253 | Depths:1 | Found a magical portal.
 64274 | WizLab   | Entered Cigotuvi's Fleshworks
 64556 | WizLab   | Paralysed by a floating eye for 2 turns
 64723 | WizLab   | Found the -2 hat of the Alchemist {rElec rPois rF+ rC+ rN+
                  | Will+ rMut rCorr}
 64909 | WizLab   | Reached skill level 16 in Stealth
 64986 | WizLab   | Got Cigotuvi's Compilation of Alteration and Despicable
                  | Words
 65325 | Depths:1 | Paralysed by a floating eye for 4 turns
 65330 | Depths:1 | Paralysed by a floating eye for 3 turns
 65334 | Depths:1 | Paralysed by a floating eye for 2 turns
 65691 | Depths:1 | Found a gateway to Hell.
 65833 | Depths:1 | Found a runed translucent gate.
 65833 | Depths:1 | Found a runed translucent gate.
 65833 | Depths:1 | Found a runed translucent gate.
 65833 | Depths:1 | Noticed olmar's ghost (adept GnWn)
 65835 | Depths:1 | Found a basalt altar of Yredelemnul.
 66699 | Depths:1 | Learned a level 7 spell: Storm Form
 66709 | Depths:2 | Reached XP level 22. HP: 166/176 MP: 33/42
 66720 | Depths:2 | Found a one-way gate leading to the halls of Pandemonium.
 66724 | Depths:2 | Noticed a juggernaut
 66740 | Depths:2 | Killed a juggernaut
 67274 | Depths:1 | Learned a level 5 spell: Irradiate
 69207 | Depths:2 | Found Ode Mear's Elemental Accessories.
 69254 | Depths:2 | Identified the +1 great sword of Callousness {heavy, Drain
                  | rCorr Dex+2}
 70003 | Depths:2 | Noticed Louise
 70010 | Depths:2 | Killed Louise
 70124 | Depths:2 | Found a one-way gate to the infinite horrors of the Abyss.
 71381 | Depths:3 | Noticed Xtahua
 72703 | Depths:2 | Killed Xtahua
 72990 | Depths:3 | Paralysed by a floating eye for 4 turns
 73002 | Depths:3 | Noticed Mara
 73117 | Depths:3 | Noticed croobank's illusion
 73118 | Depths:3 | Killed Mara
 73123 | Depths:3 | Reached skill level 17 in Stealth
 73711 | Orc:2    | Bought a scroll of brand weapon for 104 gold pieces
 73947 | Depths:3 | Identified the staff of cold "Asiyruaz" {Contam rC+ rN++
                  | Dex+2}
 73947 | Depths:3 | Identified the ring of Dim Light {Ice *Corrode Str+4 Int+3}
 73947 | Depths:3 | Noticed Josephina
 73955 | Depths:3 | Killed Josephina
 73982 | Depths:3 | Noticed the Enchantress
 73990 | Depths:3 | Killed the Enchantress
 74050 | Depths:3 | You fall into a shaft and drop 1 floor!
 74050 | Depths:4 | Entered Level 4 of the Depths
 74076 | Depths:3 | Identified the ring of Ytoirag {*Slow rPois rN++ Will+
                  | Str+3 Stlth+}
 74599 | Depths:3 | Reached XP level 23. HP: 171/184 MP: 38/43
 74830 | Depths:3 | Identified the +0 ring mail of Xom's Supremacy {Fly}
 75914 | Vaults:5 | Entered Level 5 of the Vaults
 76201 | Vaults:5 | Reached skill level 18 in Stealth
 76479 | Vaults:5 | Identified the staff of conjuration "Sash" {Will+++ Str-3
                  | Int+4}
 76492 | Vaults:5 | Identified the ring of Bismip {rElec Str+6}
 76567 | Vaults:5 | Identified the amulet of Axuracyo {RegenMP Rampage Fragile
                  | rN+ Str-3 Dex+3}
 76620 | Vaults:5 | HP: 6/185 [yaktaur captain/bolt (31)]
 77602 | Vaults:5 | Identified the +0 ring mail of Refuge {rN+ Regen+ rCorr
                  | Int+5}
 77740 | Vaults:5 | Found Mammoa Utoq's General Store.
 77743 | Vaults:5 | Bought a scroll of brand weapon for 190 gold pieces
 77807 | Vaults:5 | Identified the amulet of Noakh {rPois Will+ Regen+ Str-2}
 77906 | Vaults:5 | Reached XP level 24. HP: 193/193 MP: 42/44
 77907 | Vaults:5 | Identified the +9 plate armour "Tapnaem" {rPois Str+3
                  | Int+4}
 77909 | Vaults:5 | Got a silver rune of Zot
 77983 | Vaults:5 | Identified the +11 dire flail "Ashuaxih" {elec, Will+ Int+2
                  | Dex+3 Stlth+}
 78100 | Vaults:5 | Identified the +0 robe "Camiadom" {rC+ rCorr Dex+3}
 78308 | Vaults:5 | Identified the +1 cloak "Eshrof" {rElec Dex-2 SInv Stlth+}
 79232 | Shoals:4 | Found a stormy altar of Qazlal.
 80069 | Crypt:1  | Entered Level 1 of the Crypt
 81152 | Vaults:2 | Reached skill level 19 in Stealth
 82213 | Crypt:3  | Entered Level 3 of the Crypt
 83565 | Crypt:3  | Found a staircase to the Tomb.
 83779 | Crypt:3  | Reached skill level 15 in Transmutations
 83803 | Crypt:3  | Reached ****** piety under Qazlal
 83806 | Crypt:3  | Identified the staff of conjuration "Tunwul" {rF++ Str+3}
 84419 | Crypt:3  | Gained mutation: You occasionally lose the ability to drink
                  | potions when taking damage. [mutagenic glow]
 84875 | Crypt:3  | Identified the ring "Jifan" {rN+ Will+ Stlth+}
 85013 | Crypt:3  | Identified the ring "Sevawoss" {rN+ rCorr Str+5 Int+2
                  | Stlth-}
 85013 | Crypt:3  | Identified the ring of Taemare {rN+ Slay+4}
 85016 | Crypt:3  | Lost mutation: You occasionally lose the ability to drink
                  | potions when taking damage. [potion of mutation]
 85049 | Crypt:3  | Found the +0 mask of the Dragon {Will+ Slay+3 SInv}
 85075 | Crypt:3  | Identified the ring of Ryisifisk {rC+ rN+ Int+6 Dex-3}
 85076 | Crypt:3  | Identified the amulet of Histror {RegenMP Drain Fly rF+ rC+
                  | rCorr}
 85078 | Crypt:3  | Identified the staff of death "Licacar" {Fragile rF+ rN+
                  | Will+}
 85432 | Elf:3    | Entered Level 3 of the Elven Halls
 85458 | Elf:3    | Identified the +7 broad axe of the Harvest {flame, MP-9
                  | Int+5}
 85476 | Elf:3    | Noticed AverageBear's ghost (veteran HOMo)
 85506 | Elf:3    | Found a runed translucent door.
 85552 | Elf:3    | Reached XP level 25. HP: 202/202 MP: 15/44
 85954 | Elf:3    | Reached skill level 20 in Stealth
 86119 | Elf:3    | Paralysed by an air elemental for 1 turns
 86131 | Elf:3    | Paralysed by an air elemental for 1 turns
 86280 | Elf:3    | Identified the +9 spear of Immorality {speed, Contam rN+
                  | Str+5 SInv}
 86305 | Elf:3    | Identified the staff of conjuration "Kiatok" {rElec Int+3
                  | Dex+5}
 86308 | Elf:3    | Identified the +15 plate armour of Defiance {Dex+4 Slay+2}
 86316 | Elf:3    | Identified the +0 leather armour of the Journeyman {Harm
                  | rF++ rN+ Str-3}
 86329 | Elf:3    | Identified the +5 ice dragon scales "Lits" {rF- rC++ Int+6}
 86330 | Elf:3    | Identified the +5 flail "Domiumy" {distort, rF+ rN+ Dex+3}
 86348 | Elf:3    | Identified the +4 crystal plate armour of Doomed Beauty
                  | {MP-9 Dex+6 Stlth+}
 86354 | Elf:3    | Got the Compendium of Gritty Rime
 86357 | Elf:3    | Identified the +1 hand axe "Suerim" {drain, *Noise rPois
                  | rC+ rCorr}
 86365 | Elf:3    | Identified the staff of air "Geasepohil" {rElec rF++ Dex+4}
 86412 | Elf:3    | Identified the staff of poison "Meuxualutz" {rPois Stlth+}
 87217 | Zig:1    | Entered Level 1 of a ziggurat
 87244 | Zig:1    | Learned a level 7 spell: Ozocubu's Refrigeration
 87256 | Zig:2    | Entered Level 2 of a ziggurat
 87277 | Zig:2    | Acquired a book of Scorching
 87289 | Zig:2    | Learned a level 6 spell: Summon Cactus Giant
 87364 | Zig:3    | Entered Level 3 of a ziggurat
 87366 | Zig:3    | Noticed Guivver the pandemonium lord
 87386 | Zig:3    | Killed Guivver the pandemonium lord
 87509 | Zig:4    | Entered Level 4 of a ziggurat
 87518 | Zig:4    | Gained mutation: Your magical capacity is low. (-10% MP) [a
                  | shining eye]
 87538 | Zig:4    | Found the +11 plutonium sword {Contam Stlth-}
 87700 | Zig:5    | Entered Level 5 of a ziggurat
 87754 | Zig:6    | Entered Level 6 of a ziggurat
 87764 | Zig:6    | Reached skill level 15 in Conjurations
 87764 | Zig:6    | Reached skill level 15 in Hexes
 87764 | Zig:6    | Reached skill level 15 in Summonings
 87764 | Zig:6    | Reached skill level 15 in Necromancy
 87764 | Zig:6    | Reached skill level 15 in Translocations
 87764 | Zig:6    | Reached skill level 15 in Fire Magic
 87764 | Zig:6    | Reached skill level 15 in Ice Magic
 87764 | Zig:6    | Reached skill level 15 in Air Magic
 87764 | Zig:6    | Reached skill level 15 in Earth Magic
 87764 | Zig:6    | Reached skill level 15 in Poison Magic
 87788 | Zig:6    | Reached XP level 26. HP: 210/211 MP: 29/40
 87789 | Zig:6    | Identified the ring "Suora" {rElec rF+ rC++ Str-2 SInv}
 87791 | Zig:6    | Got the Annotations on the Molten Faeries
 87816 | Zig:7    | Entered Level 7 of a ziggurat
 87822 | Zig:7    | Noticed a juggernaut
 87833 | Zig:7    | Killed a juggernaut
 87868 | Zig:7    | Identified the ring of the Crown {Ice +Blink}
 87880 | Zig:8    | Entered Level 8 of a ziggurat
 87939 | Zig:8    | Reached XP level 27. HP: 189/217 MP: 39/40
 87992 | Zig:9    | Entered Level 9 of a ziggurat
 88044 | Zig:10   | Entered Level 10 of a ziggurat
 88378 | Zig:10   | Identified the staff of poison "Ushirem" {rPois rC+ Str+2}
 88381 | Zig:10   | Identified the ring "Fenaosomusm" {rF++ rC+ rN+ Int+3
                  | Dex-3}
 88681 | Depths:4 | Reached skill level 21 in Stealth
 88998 | Depths:4 | Found Patecah's Book Shoppe.
 89000 | Depths:4 | Found Gyotubb's General Store.
 89003 | Depths:4 | Found Juino's Book Shoppe.
 89284 | Depths:4 | Found a gate to the Realm of Zot.
 89775 | Snake:3  | Bought a scroll of blinking for 120 gold pieces
 89775 | Snake:3  | Bought a scroll of immolation for 64 gold pieces
 89775 | Snake:3  | Bought a scroll of magic mapping for 120 gold pieces
 89775 | Snake:3  | Bought a scroll of immolation for 64 gold pieces
 89953 | Lair:1   | Killed Edyrem's ghost
 89962 | Lair:1   | Identified the +2 leather armour of Somewhere Else {Stlth+}
 90534 | Depths:4 | Bought a potion of brilliance for 80 gold pieces
 90784 | Depths:4 | Bought a wand of digging (4) for 336 gold pieces
 90800 | Depths:4 | Bought a manual of Necromancy for 1840 gold pieces
 90815 | Depths:4 | Learned a level 7 spell: Spellforged Servitor
 90824 | Depths:4 | Learned a level 7 spell: Enfeeble
 90871 | Zot:1    | Entered Level 1 of the Realm of Zot
 91174 | Zot:1    | Noticed an orb of fire
 91188 | Zot:1    | Noticed Vv
 91194 | Zot:1    | Killed an orb of fire
 91206 | Zot:1    | Noticed Grunn
 91746 | Zot:1    | Killed Vv
 92010 | Zot:1    | Killed Grunn
 92775 | Zot:1    | Found the +7 great mace "Undeadhunter" {deathbane, rN+}
 92782 | Zot:1    | Identified the +1 scale mail "Afuraja" {rN+}
 95756 | Zot:2    | Learned a level 4 spell: Iskenderun's Mystic Blast
 96765 | Zot:2    | Reached skill level 22 in Stealth
 98166 | Zot:3    | Lost mutation: Your magical capacity is low. (-10% MP)
                  | [potion of mutation]
 98166 | Zot:3    | Gained mutation: Your spells are a little easier to cast,
                  | but a little less powerful. [potion of mutation]
 98313 | Zot:3    | Lost mutation: Your spells are a little easier to cast, but
                  | a little less powerful. [potion of mutation]
 98313 | Zot:3    | Gained mutation: Your system is resistant to poisons.
                  | (rPois) [potion of mutation]
 98313 | Zot:3    | Gained mutation: Your flesh is cold resistant. (rC+)
                  | [potion of mutation]
 98881 | Zot:4    | Noticed an orb of fire
 98897 | Zot:4    | Killed an orb of fire
100245 | Zot:5    | Entered Level 5 of the Realm of Zot
100891 | Zot:5    | Noticed a dread lich
101273 | Zot:5    | Killed a dread lich
101347 | Zot:5    | Reached skill level 23 in Stealth
101416 | Zot:5    | Noticed a dread lich
101419 | Zot:5    | Noticed an orb of fire
101427 | Zot:5    | Gained mutation: You are clumsy. (Dex -2) [an orb of fire]
101430 | Zot:5    | Gained mutation: You are frail. (-10% HP) [an orb of fire]
101444 | Zot:5    | Killed an orb of fire
101778 | Zot:4    | Lost mutation: Your flesh is cold resistant. (rC+) [potion
                  | of mutation]
101778 | Zot:4    | Lost mutation: You are clumsy. (Dex -2) [potion of
                  | mutation]
101778 | Zot:4    | Lost mutation: Your system is resistant to poisons. (rPois)
                  | [potion of mutation]
101778 | Zot:4    | Gained mutation: You have large cloven feet. [potion of
                  | mutation]
101778 | Zot:4    | Gained mutation: You have sharp fingernails. [potion of
                  | mutation]
101779 | Zot:4    | Lost mutation: You are frail. (-10% HP) [potion of
                  | mutation]
101779 | Zot:4    | Lost mutation: You have large cloven feet. [potion of
                  | mutation]
101779 | Zot:4    | Gained mutation: Armour fits poorly on your strangely
                  | shaped body. [potion of mutation]
101779 | Zot:4    | Gained mutation: Your flesh is cold resistant. (rC+)
                  | [potion of mutation]
101779 | Zot:4    | Gained mutation: Your muscles are strong. (Str +4, Int/Dex
                  | -1) [potion of mutation]
101780 | Zot:4    | Lost mutation: You have sharp fingernails. [potion of
                  | mutation]
101780 | Zot:4    | Lost mutation: Your muscles are strong. (Str +4, Int/Dex
                  | -1) [potion of mutation]
101780 | Zot:4    | Gained mutation: You are resistant to electric shocks.
                  | (rElec) [potion of mutation]
101780 | Zot:4    | Gained mutation: You occasionally lose the ability to read
                  | scrolls when taking damage. [potion of mutation]
101781 | Zot:4    | Lost mutation: Armour fits poorly on your strangely shaped
                  | body. [potion of mutation]
101781 | Zot:4    | Lost mutation: Your flesh is cold resistant. (rC+) [potion
                  | of mutation]
101781 | Zot:4    | Lost mutation: You are resistant to electric shocks.
                  | (rElec) [potion of mutation]
101781 | Zot:4    | Gained mutation: You are strong-willed. (Will+) [potion of
                  | mutation]
101781 | Zot:4    | Gained mutation: Your magical capacity is low. (-10% MP)
                  | [potion of mutation]
101781 | Zot:4    | Gained mutation: Your mind is acute. (Int +4, Str/Dex -1)
                  | [potion of mutation]
101787 | Zot:4    | Lost mutation: You are strong-willed. (Will+) [potion of
                  | mutation]
101787 | Zot:4    | Lost mutation: Your mind is acute. (Int +4, Str/Dex -1)
                  | [potion of mutation]
101787 | Zot:4    | Gained mutation: You sometimes lose your temper in combat.
                  | [potion of mutation]
101793 | Zot:4    | Lost mutation: You sometimes lose your temper in combat.
                  | [potion of mutation]
101793 | Zot:4    | Lost mutation: Your magical capacity is low. (-10% MP)
                  | [potion of mutation]
101793 | Zot:4    | Gained mutation: Your magical capacity is low. (-10% MP)
                  | [potion of mutation]
101794 | Zot:4    | Lost mutation: Your magical capacity is low. (-10% MP)
                  | [potion of mutation]
101794 | Zot:4    | Lost mutation: You occasionally lose the ability to read
                  | scrolls when taking damage. [potion of mutation]
101794 | Zot:4    | Gained mutation: You are partially covered in iridescent
                  | scales. (AC +2) [potion of mutation]
101794 | Zot:4    | Gained mutation: You are occasionally teleported next to
                  | monsters. [potion of mutation]
101794 | Zot:4    | Gained mutation: You occasionally lose the ability to drink
                  | potions when taking damage. [potion of mutation]
101795 | Zot:4    | Lost mutation: You occasionally lose the ability to drink
                  | potions when taking damage. [potion of mutation]
101795 | Zot:4    | Lost mutation: You are partially covered in iridescent
                  | scales. (AC +2) [potion of mutation]
101795 | Zot:4    | Gained mutation: Your natural rate of healing is unusually
                  | fast. [potion of mutation]
101795 | Zot:4    | Lost mutation: Your natural rate of healing is unusually
                  | fast. [potion of mutation]
101796 | Zot:4    | Lost mutation: You are occasionally teleported next to
                  | monsters. [potion of mutation]
101796 | Zot:4    | Gained mutation: You are partially covered in iridescent
                  | scales. (AC +2) [potion of mutation]
101796 | Zot:4    | Gained mutation: You are robust. (+10% HP) [potion of
                  | mutation]
101865 | Zot:5    | Noticed an orb of fire
101893 | Zot:5    | Killed an orb of fire
101978 | Zot:5    | Noticed an ancient lich
101985 | Zot:5    | Killed an ancient lich
102000 | Zot:5    | Noticed an ancient lich
102011 | Zot:5    | Killed an ancient lich
102477 | Zot:5    | Noticed a dread lich
102931 | Zot:5    | Noticed an orb of fire
102950 | Zot:5    | Killed an orb of fire
102982 | Zot:5    | Killed a dread lich
103092 | Zot:5    | Killed a dread lich
103104 | Zot:5    | Noticed an orb of fire
103130 | Zot:5    | Killed an orb of fire
103474 | Zot:5    | Noticed a dread lich
103540 | Zot:5    | Noticed a dread lich
103551 | Zot:5    | Killed a dread lich
103988 | Zot:5    | Killed a dread lich
107571 | Slime:2  | Reached skill level 24 in Stealth
108077 | Slime:5  | Entered Level 5 of the Pits of Slime
108287 | Slime:5  | Noticed the Royal Jelly
109039 | Slime:5  | Killed the Royal Jelly
109119 | Slime:5  | Identified the ring of Attitude {Drain rPois rC+ Int+3}
109121 | Slime:5  | Identified the ring of the Failed Coup {rC+ Slay+4}
109191 | Slime:5  | Got the Papyrus of the Topological Deep Freeze
109193 | Slime:5  | Got a slimy rune of Zot
109234 | Slime:5  | Got the Compendium of Shivering Generation
110365 | Zot:5    | Got the Orb of Zot
110610 | Depths:3 | Noticed Cuohisk the pandemonium lord
110618 | Depths:3 | Killed Cuohisk the pandemonium lord
111063 | D:$      | Escaped with the Orb!

Illustrated notes

Levels and vault maps discovered:
D:1:      lightli_arrival_windingriver, layout_rooms, minmay_pentomino_x2
D:2:      layout_basic, cheibrodos_gnoll_hut
D:3:      cheibrodos_greedy_goblins, layout_loops_ring, uniq_jessica
D:4:      layout_basic, gammafunk_temple_overflow_claw,
          nemelex_diamond_rough_becter
D:5:      layout_basic
D:6:      layout_rooms, cheibriados_altar_1, serial_shops,
          nicolae_shop_rolled_up, nicolae_shop_pleasant_corner_grove,
          shop_fountains, uniq_sigmund
D:7:      cheibrodos_iron_armory, layout_basic, minmay_temple_entry_butterflies,
          uniq_duvessa
D:8:      layout_basic, erik_lair_orcish_takeover,
          nicolae_ea-nasir_strikes_again
D:9:      layout_rooms, old_standard_altar
D:10:     layout_basic, orc_0_dummy
D:11:     layout_basic, serial_shops, shop
D:12:     layout_loops_ring, nicolae_trove_entry_diagonal,
          minmay_tree_intersection, corexii_hall_statues_l, uniq_lodul
D:13:     layout_loops_cross, hangedman_vaults_entry_quadrant_bands
D:14:     layout_roguey [special_room_orc], serial_bayou_pond_b,
          nicolae_figureground_sparkle
D:15:     hangedman_depths_entry_civil_slaughter, layout_loops_cross,
          chequers_serial_rivers_small_a, minmay_liquid_box
Lair:1:   layout_chaotic_city, maelrawn_ghost_gauntlet_escape,
          grunt_megastairs_2
Lair:2:   layout_layer_cave, nicolae_volcano_entry_batcave, grunt_megastairs_5,
          infiniplex_staircase_pool, lemuel_fruit_tree
Lair:3:   layout_regular_city, minmay_shoals_entry_lonely_mermaid,
          dummy_snake_entry
Lair:4:   layout_concentric_octagons
Lair:5:   minmay_lair_end_frog_pond, layout_regular_city,
          minmay_slime_entry_oklob_enclosed, nzn_sisyphean_effort, uniq_kirke
Shoals:1: layout_shoals, uniq_nikola
Shoals:2: layout_shoals, uniq_polyphemus, uniq_aizul
Shoals:3: cheibrodos_shoals_three_sisters, layout_shoals,
          nicolae_shoals_lost_giant_hut, yaktaur_hedge, uniq_donald
Shoals:4: shoals_end_hellmonk_storm_palace [storm_palace_center_square,
          storm_palace_corner_narrow, storm_palace_corner_altar,
          storm_palace_corner_narrow, storm_palace_corner_narrow]
Snake:1:  layout_honeycomb
Snake:2:  gammafunk_sealed_arena, layout_chambers, st_stairs_5,
          serial_bayou_shore_b, uniq_asterion
Snake:3:  layout_gridlike, ebering_ghost_rock_garden, serial_shops, shop, shop,
          shop, shop, grunt_ministairs_12, grunt_megastairs_4,
          serial_bayou_shore_b
Snake:4:  minmay_snake_end_coiled, layout_onion
Slime:1:  layout_caves
Slime:2:  layout_caves, nicolae_slime_rock_hall_of_fame
Slime:3:  layout_caves
Slime:4:  nicolae_slime_pool, layout_caves
Slime:5
Orc:1:    layout_diamond_mine, basic_altar, serial_shops, shop
Orc:2:    st_orc_mages, layout_caves, serial_shops, shop,
          hangedman_feature_mirror, uniq_urug
Elf:1:    layout_gridlike, serial_shops, nicolae_shop_gaudy_bauble,
          kennysheep_underground_church, st_stairs_6, uniq_jorgrun
Elf:2:    elven_hall_of_blades_hangedman_original [grunt_blade_entry_basic],
          layout_geoelf_diagonals
Elf:3:    elf_hall, layout_loops_ring, hellmonk_ghost_happy_afterlife,
          minmay_strange_pillars
Vaults:1: nicolae_vaults_rhombus_7, ontoclasm_vaults_loading_screen,
          nicolae_vaults_ring_of_whatevers, nicolae_vaults_alarming, v_misc_10,
          v_misc_14, nicolae_vaults_little_squares_3,
          nicolae_vaults_tetromino_T_1, grunt_vaults_hallway_short,
          nicolae_vaults_closet_pinwheel_3, nicolae_vaults_three_branches,
          layout_vaults_big_room, serial_shops, shop
Vaults:2: v_misc_29, nicolae_vaults_shock_wave, ontoclasm_vaults_chip,
          minmay_crypt_entry_simple_box, nicolae_vaults_weapon_check,
          vaults_room_hallway, layout_vaults_omnigrid, uniq_frederick
Vaults:3: v_misc_15, nicolae_vaults_library_corner,
          nicolae_vaults_network_quinsquares
          [nicolae_vaults_network_quincunx_subvault,
          nicolae_vaults_network_quincunx_subvault,
          nicolae_vaults_network_quincunx_subvault,
          nicolae_vaults_network_quincunx_subvault], ontoclasm_vaults_gateway,
          vaults_room_semicircle, nicolae_vaults_storage_closets_3,
          grunt_vaults_funnel, nicolae_vaults_little_squares_2,
          vaults_room_pools, vaults_mumra_hex, v_misc_11, v_misc_11,
          vaults_room_door_ring, nicolae_vaults_tetromino_Z_1,
          layout_vaults_omnibox, serial_shops, shop, serial_glass
Vaults:4: nicolae_vaults_closet_pinwheel_1, nicolae_vaults_network_s,
          nicolae_vaults_puzzle_piece, vaults_room_corners, v_misc_2,
          nicolae_vaults_shipping_containers_3, v_misc_12, vaults_room_pool,
          nicolae_vaults_trapezoid_3, nicolae_vaults_apartment_1,
          nicolae_vaults_tetromino_Z_1, v_misc_13, nicolae_vaults_asterisk,
          serial_ice_g, layout_vaults_maze_bifur, serial_shops, shop, uniq_jory,
          uniq_boris
Vaults:5
Crypt:1:  layout_rooms, grunt_ministairs_3, st_stairs_9
Crypt:2:  layout_regular_city
Crypt:3:  due_elkab, layout_chaotic_city, nicolae_tomb_entry_grand_gallery
Depths:1: layout_basic, enter_ziggurat_c, minmay_door_square, mu_enter_wizlab_4,
          pf_vacation_house_of_asmodeus, nicolae_yredelemnul_ghost_church
Depths:2: minmay_curly_fans, layout_cave_shapes, grunt_hell_entry_dis_old,
          roderic_lattice_a, nicolae_abyss_entry_one_way_or_another, pan_entry,
          nicolae_elemental_shop, minmay_alternating_orb
Depths:3: dreamdust_hydra_shepherd, layout_small_grid, abyss_entry_glasseish,
          hell_entry, minmay_staircase_windowed_small, uniq_josephina,
          uniq_mara, uniq_xtahua, uniq_enchantress
Depths:4: grunt_zot_entry_pinwheel, layout_twisted_cross,
          minmay_misc_feat_ornament, grunt_metal_band, minmay_shop_star
Zot:1:    gammafunk_mikee_crab_dinner, layout_misc_corridors, uniq_grunn,
          uniq_vv
Zot:2:    layout_gridlike, evilmike_ambush [evilmike_ambush_outer_basic,
          evilmike_ambush_inner_cross]
Zot:3:    layout_cathedral_of_symmetry, zot_minivault_5
Zot:4:    layout_onion, hangedman_player_shredder
Zot:5:    layout_gridlike

Skill      XL: |  1  2  3  4  5  6  7  8  9 10 11 12 13 14 15 16 17 18 19 20 21 22 23 24 25 26 27 |
---------------+----------------------------------------------------------------------------------+-----
Short Blades   | 1 2 3 4 5 6 7 8 9 10 11 12 13 14 15 16 17 20 | 20.1
Long Blades    | 1 2 3 4 5 6 7 8 9 10 11 12 13 14 15 16 17 20 | 20.1
Axes           | 1 2 3 4 5 6 7 8 9 10 11 12 13 14 15 16 17 20 | 20.1
Maces & Flails | 1 2 3 4 5 6 7 8 9 10 11 12 13 14 15 16 17 20 | 20.1
Polearms       | 1 2 3 4 5 6 7 8 9 10 11 12 13 14 15 16 17 20 | 20.1
Staves         | 1 2 3 4 5 6 7 8 9 10 11 12 13 14 15 16 17 20 | 20.1
Ranged Weapons | 1 2 3 4 5 6 7 8 9 10 11 12 13 14 15 16 17 20 | 20.1
Throwing       | 1 2 3 4 5 6 7 8 9 10 11 12 13 14 15 16 17 20 | 20.1
Armour         | 1 2 3 4 5 6 7 8 9 10 11 12 13 14 15 16 17 20 | 20.1
Stealth        | 1 2 3 4 5 6 7 8 9 10 11 12 13 14 16 17 18 19 20 24 | 24.3
Shields        | 1 2 3 4 5 6 7 8 9 10 11 12 13 14 15 16 17 20 | 20.1
Spellcasting   | 5 6 7 8 9 10 11 12 13 14 15 16 17 18 20 | 20.6
Invocations    | 1 2 3 4 5 6 7 8 9 10 11 12 13 14 15 16 17 18 19 21 | 21.7
Evocations     | 1 2 3 4 5 6 7 8 9 10 11 12 13 14 15 16 17 20 | 20.1
Conjurations   | 1 2 3 4 5 6 7 8 9 10 11 12 13 14 15 17 | 17.2
Hexes          | 1 2 3 4 5 6 7 8 9 10 11 12 13 14 15 17 | 17.2
Summonings     | 1 2 3 4 5 6 7 8 9 10 11 12 13 14 15 17 | 17.2
Necromancy     | 1 2 3 4 5 6 7 8 9 10 11 12 13 14 15 18 | 18.7
Translocations | 1 2 3 4 5 6 7 8 9 10 11 12 13 14 15 17 | 17.2
Fire Magic     | 1 2 3 4 5 6 7 8 9 10 11 12 13 14 15 17 | 17.2
Ice Magic      | 1 2 3 4 5 6 7 8 9 10 11 12 13 14 15 17 | 17.2
Air Magic      | 1 2 3 4 5 6 7 8 9 10 11 12 13 14 15 17 | 17.2
Earth Magic    | 1 2 3 4 5 6 7 8 9 10 11 12 13 14 15 17 | 17.2
Poison Magic   | 1 2 3 4 5 6 7 8 9 10 11 12 13 14 15 17 | 17.2
Fighting       | 3 4 5 6 7 8 9 10 11 12 13 14 15 16 17 18 20 | 20.3
Transmutations | 4 5 6 7 8 9 10 11 12 13 14 15 17 | 17.6
Dodging        | 5 6 7 8 9 10 11 12 13 14 15 16 17 18 20 | 20.5
Unarmed Combat | 7 8 9 10 11 12 13 14 15 16 17 18 21 | 21.0

Action                     |  1- 3 |  4- 6 |  7- 9 | 10-12 | 13-15 | 16-18 | 19-21 | 22-24 | 25-27 || total
---------------------------+-------+-------+-------+-------+-------+-------+-------+-------+-------++-------
  Melee: Unarmed           |     5 |       |       |     9 |       |    48 |     5 |    16 |     5 ||    88
         Spear             |    33 |       |       |       |       |       |       |       |       ||    33
         Headbutt          |     5 |     9 |    14 |    79 |   190 |    43 |    33 |    21 |     4 ||   398
         Kick              |     9 |    22 |    30 |   138 |   286 |    71 |    44 |    33 |     7 ||   640
         Punch             |     2 |     4 |     5 |    37 |    16 |       |     1 |     3 |     1 ||    69
         Dagger            |    28 |   131 |   200 |   429 |   803 |       |       |       |       ||  1591
         Bite              |     2 |     6 |    22 |    79 |   139 |    93 |   150 |   239 |   182 ||   912
         Lajatang          |       |       |    25 |    60 |       |       |       |    11 |       ||    96
         Staff             |       |       |       |    34 |       |   170 |    48 |     4 |    28 ||   284
         Scimitar          |       |       |       |       |   194 |   400 |       |       |       ||   594
         Broad axe         |       |       |       |       |       |    86 |   615 |   412 |   720 ||  1833
         Rapier            |       |       |       |       |       |       |     3 |       |       ||     3
         Demon blade       |       |       |       |       |       |       |       |   691 |   119 ||   810
   Fire: Sling             |       |     9 |       |       |       |       |       |       |       ||     9
  Throw: Dart              |       |     4 |    21 |    10 |     1 |     2 |     2 |     1 |       ||    41
         Throwing net      |       |       |     1 |       |       |     1 |       |       |       ||     2
         Javelin           |       |       |       |       |       |       |       |       |     4 ||     4
   Cast: Beastly Appendage |    13 |    33 |    19 |    36 |    80 |    29 |    18 |    11 |     2 ||   241
         Wereblood         |     6 |    32 |    21 |    32 |    78 |    35 |    19 |    18 |     1 ||   242
         Searing Ray       |       |       |       |     9 |     5 |     3 |     5 |     1 |     2 ||    25
         Ice Form          |       |       |       |     2 |       |     3 |       |     4 |       ||     9
         Foxfire           |       |       |       |       |   255 |   305 |   127 |       |       ||   687
         Summon Lightning  |       |       |       |       |    21 |    49 |    51 |     3 |     4 ||   128
         Borgnjor's Vile C |       |       |       |       |    14 |    75 |   141 |    96 |   117 ||   443
         Freezing Cloud    |       |       |       |       |       |    57 |    37 |    15 |     4 ||   113
         Arcjolt           |       |       |       |       |       |    27 |    11 |    32 |    13 ||    83
         Yara's Violent Un |       |       |       |       |       |     3 |       |     1 |     6 ||    10
         Blink             |       |       |       |       |       |     1 |     4 |     5 |     1 ||    11
         Plasma Beam       |       |       |       |       |       |       |    47 |   104 |   148 ||   299
         Storm Form        |       |       |       |       |       |       |     1 |     7 |     1 ||     9
         Irradiate         |       |       |       |       |       |       |       |    63 |    40 ||   103
         Summon Cactus Gia |       |       |       |       |       |       |       |       |    11 ||    11
         Ozocubu's Refrige |       |       |       |       |       |       |       |       |    61 ||    61
         Enfeeble          |       |       |       |       |       |       |       |       |    94 ||    94
         Spellforged Servi |       |       |       |       |       |       |       |       |    49 ||    49
         Iskenderun's Myst |       |       |       |       |       |       |       |       |     1 ||     1
 Invoke: Upheaval          |       |       |       |     1 |     1 |     2 |     2 |     1 |       ||     7
         Elemental Force   |       |       |       |       |    14 |    17 |    18 |    12 |     9 ||    70
         Disaster Area     |       |       |       |       |       |     1 |       |       |     4 ||     5
Ability: Evoke the Staff o |       |       |       |     7 |       |    13 |     2 |     1 |     5 ||    28
         End Transformatio |       |       |       |       |       |     1 |       |     3 |       ||     4
  Evoke: Wand              |       |       |     3 |     8 |     1 |     6 |    12 |    13 |     6 ||    49
         Box of beasts     |       |       |       |       |     1 |     1 |     2 |     1 |     1 ||     6
         Lightning rod     |       |       |       |       |       |       |       |     6 |     5 ||    11
         Phial of floods   |       |       |       |       |       |       |       |     3 |     3 ||     6
    Use: Scroll            |       |       |    18 |    18 |    11 |    19 |    14 |    21 |    22 ||   123
         Potion            |       |       |     4 |     8 |       |    15 |     7 |    16 |    29 ||    79
   Stab: Sleeping          |       |     2 |       |       |       |       |       |       |       ||     2
         Paralysed         |       |       |     1 |       |     5 |       |     3 |     8 |     2 ||    19
         Petrified         |       |       |       |       |     3 |       |       |       |       ||     3
         Distracted        |       |       |       |       |     2 |     8 |    21 |    14 |    39 ||    84
         Invisible         |       |       |       |       |       |     2 |       |       |    16 ||    18
         Confused          |       |       |       |       |       |       |       |     5 |     1 ||     6
 Armour: Robe              |     8 |    32 |    22 |    55 |    10 |       |       |       |       ||   127
         Skin              |       |       |    28 |       |       |    17 |       |     7 |     6 ||    58
         Steam dragon scal |       |       |       |       |    18 |       |       |       |       ||    18
         Leather armour    |       |       |       |       |    80 |   100 |    59 |       |       ||   239
         Ring mail         |       |       |       |       |       |       |    49 |   181 |   119 ||   349
         Quicksilver drago |       |       |       |       |       |       |       |       |   130 ||   130
  Dodge: Dodged            |    23 |    82 |   181 |   364 |   465 |   492 |   231 |   501 |   482 ||  2821
         Repelled          |       |       |       |     1 |    10 |    48 |    10 |     3 |    47 ||   119
  Block: Other             |       |       |    12 |    78 |    28 |    14 |     1 |     8 |    10 ||   151
         Kite shield       |       |       |       |       |   637 |   801 |   615 |  1111 |   977 ||  4141
         Reflection        |       |       |       |       |       |    14 |    58 |    33 |    24 ||   129
